 Dungeon Crawl Stone Soup version 0.21-a0-538-gd16b88a (webtiles) character file.

121687 Amnesiac the Whirler (level 17, -4/117 HPs)
             Began as a Halfling Fighter on Dec 16, 2017.
             Was the Champion of Okawaru.
             Killed from afar by a starcursed mass (7 damage)
             ... with an accursed screaming
             ... on level 3 of the Abyss.
             The game lasted 01:49:02 (29618 turns).

Amnesiac the Whirler (Halfling Fighter)            Turns: 29618, Time: 01:49:03

Health: -4/117     AC: 36    Str: 18    XL:     17   Next: 5%
Magic:  0/25       EV: 25    Int:  6    God:    Okawaru [******]
Gold:   905        SH: 18    Dex: 24    Spells: 16/16 levels left

rFire    + . .     SeeInvis +   a - +2 hunting sling (freeze)
rCold    + . .     Gourm    .   G - +2 shield {reflect}
rNeg     . . .     Faith    .   S - +1 crystal plate armour
rPois    .         Spirit   +   N - +1 hat {SInv}
rElec    .         Reflect  +   W - scarf {rC+ rF+}
rCorr    .         Harm     .   R - +1 pair of gloves {Dex+3}
MR       ++...     Rnd*Rage +   l - +2 pair of boots {Fly}
Stlth    ..........             u - amulet of guardian spirit
HPRegen  0.29/turn              A - +3 ring of evasion
MPRegen  0.19/turn              B - ring of protection from magic

@: agile, about to teleport, heroism, finesse, flying, very slightly
contaminated
A: small, hooves 1, horns 1, thin metallic scales 1, [berserk 2], mutation
resistance 2, [screaming 2], [weak 2], [subdued magic 2], sturdy frame 1
}: 1/15 runes: abyssal
a: Heroism, Finesse, Renounce Religion, Stop Flying


You were on level 3 of the Abyss.
You worshipped Okawaru.
Okawaru was exalted by your worship.
You were full.

You visited 4 branches of the dungeon, and saw 20 of its levels.
You visited the Abyss 1 time.
You visited 1 bazaar.
You also visited: Ice Cave.

You collected 3256 gold pieces.
You spent 2351 gold pieces at shops.

Inventory:

Hand Weapons
 a - a +2 hunting sling of freezing (weapon)
 b - the +6 dagger "Vyurhiw" {flame, rN+ Int+2}
   (You found it on level 7 of the Dungeon)

   It has been specially enchanted to burn those struck by it, causing extra
   injury to most foes and up to half again as much damage against particularly
   susceptible opponents.
   It affects your intelligence (+2).
   It protects you from negative energy.
 o - a +2 dagger of draining
 I - a +10 blowgun
Missiles
 e - 661 stones (quivered)
 g - 211 sling bullets
 q - 15 tomahawks
 L - 31 poisoned needles
 M - 7 needles of confusion
 P - 5 curare-tipped needles
Armour
 l - a +2 pair of boots of flying (worn)
 G - a +2 shield of reflection (worn)
 N - a +1 hat of see invisible (worn)
 R - a +1 pair of gloves of dexterity (worn)
 S - a +1 crystal plate armour (worn)
 W - a scarf of resistance (worn)
Jewellery
 u - an amulet of guardian spirit (around neck)
 z - an uncursed ring of wizardry
 A - a +3 ring of evasion (left hand)
 B - a ring of protection from magic (right hand)
Wands
 C - a wand of enslavement (32)
 D - a wand of disintegration (10)
 T - a wand of digging (2)
 X - a wand of flame (22)
Scrolls
 c - a scroll of fear {!r, unknown}
 h - 4 scrolls of blinking {!r}
 m - 5 scrolls of identify {!r}
 p - 8 scrolls of remove curse {!r}
 t - 3 scrolls of amnesia {!r}
 v - 3 scrolls of magic mapping {!r}
 y - 9 scrolls of teleportation {!r}
 F - 2 scrolls of fog {!r}
 J - a scroll of enchant weapon {!r}
 U - a scroll of vulnerability {!r}
Potions
 d - 5 potions of curing {!q}
 i - a potion of resistance {!q}
 j - 3 potions of ambrosia {!q}
 n - 6 potions of might {!q}
 r - a potion of cancellation {!q}
 s - a potion of mutation {!q}
 x - 2 potions of magic {!q}
 H - 2 potions of invisibility {!q}
 K - a potion of agility {!q}
 O - a potion of lignification {!q}
 V - a potion of haste {!q}
 Z - a potion of brilliance {!q}
Miscellaneous
 Q - a lightning rod (4/4)
Comestibles
 f - 10 bread rations
 k - 13 meat rations


   Skills:
 * Level 11.2(16.2) Fighting
 - Level 4.0(9.0) Short Blades
 + Level 17.0(22.0) Slings
 * Level 13.0(18.0) Armour
 * Level 13.0(18.0) Dodging
 - Level 4.1(9.1) Stealth
 * Level 13.0(18.0) Shields
 + Level 11.3 Invocations
 - Level 4.0 Evocations


You had 16 spell levels left.
You didn't know any spells.

Dungeon Overview and Level Annotations

Branches:
Dungeon (15/15)            Temple (1/1) D:7            Lair (0/6) D:10
    Orc (2/2) D:12            Elf (2/3) Orc:2        Vaults (0/5) D:13
 Depths (0/5) D:15

Altars:
Elyvilon
Fedhas
Kikubaaqudgha
Makhleb
Nemelex Xobeh
Okawaru
Qazlal
Sif Muna
Vehumet
Xom
Beogh

Shops:
D:12 *[![   Orc:2 :*([(*

Annotations:
Elf:2 5 runed doors


Innate Abilities, Weirdness & Mutations

You are small and have problems with some larger weapons.
You are somewhat resistant to both further mutation and mutation removal.
You have large cloven feet.
You have a pair of small horns on your head.
You are partially covered in thin metallic scales. (AC +2)
Your movements are slightly less encumbered by armour. (ER -2)
[You often lose your temper in combat.]
[You sometimes yell uncontrollably at your foes.]
[You are very weak. (Str -4)]
[Your spells are easier to cast, but less powerful.]


Message History

The stone freezes the worldbinder.
The worldbinder is moderately damaged.
You block the thorn hunter's attack. x2
Firing (i - inventory. (,) - cycle):
e - 664 stones (quivered)
Press: ? - help, Shift-Dir - straight line, f/p - worldbinder
Aim: a worldbinder (moderately damaged)
You shoot a stone.
The stone hits the worldbinder but does no damage.
The worldbinder is moderately damaged.
You block the worldbinder's attack. x2
Firing (i - inventory. (,) - cycle):
e - 663 stones (quivered)
Press: ? - help, Shift-Dir - straight line, f/p - worldbinder
Aim: a worldbinder (lightly damaged)
You shoot a stone.
The stone hits the worldbinder but does no damage.
The worldbinder is lightly damaged.
The starcursed mass shrieks in your mind.
* * * LOW HITPOINT WARNING * * *
Firing (i - inventory. (,) - cycle):
e - 662 stones (quivered)
Press: ? - help, Shift-Dir - straight line, f/p - worldbinder
Aim: a worldbinder (lightly damaged)
You shoot a stone. The stone hits the worldbinder.
The stone freezes the worldbinder.
The worldbinder is moderately damaged.
The thorn hunter fires a volley of thorns at you.
The volley of thorns hits you!
* * * LOW HITPOINT WARNING * * *
The worldbinder hits you.
* * * LOW HITPOINT WARNING * * *
The worldbinder completely misses you.
Really quaff
d - 8 potions of curing {!q}?
You feel better. You block the worldbinder's attack.
The worldbinder barely misses you.
The thorn hunter hits you but does no damage.
You block the thorn hunter's attack.
Really quaff
d - 7 potions of curing {!q}?
You feel better. You block the worldbinder's attack.
The worldbinder closely misses you. The thorn hunter hits you!
* * * LOW HITPOINT WARNING * * *
You block the thorn hunter's attack.
Really quaff
d - 6 potions of curing {!q}?
You feel better.
The worldbinder hits you but does no damage. x2
The thorn hunter fires a volley of thorns at you.
The volley of thorns hits you!
* * * LOW HITPOINT WARNING * * *
A chorus of shrieks assaults your mind.
* * * LOW HITPOINT WARNING * * *
You block the worldbinder's attack.
The worldbinder hits you but does no damage.
Okay, then.
Okay, then.
Really read
h - 6 scrolls of blinking {!r}?
Blink to where?
Press: ? - help, Dir - move target cursor, p - worldbinder
As you read the scroll of blinking {!r}, it crumbles to dust.
The thorn hunter gestures.
The wretched star pulses with an eldritch light!
Really read
h - 5 scrolls of blinking {!r}?
Blink to where?
Press: ? - help, Dir - move target cursor
As you read the scroll of blinking {!r}, it crumbles to dust.
A chorus of shrieks assaults your mind.
You die...

..# # #. . . ..
### # #..≈ ....
#### ...### .. #
. #. ..$D..##.##.
. ##(
..*..##*(.## ..
(.. pp.#.f(..# .
. .)###( ##xX#..#
.# . #.*.##.....#
## x##X§D@## . .
c###(*##.##.....#
. . .# #######
...#.# # # .. #.#
... .. .


You could see a bone dragon, 2 starcursed masses, a thorn hunter, a wretched
star and a worldbinder.

Vanquished Creatures
  Saint Roka (Orc:2)
  Rupert (D:14)
  A tentacled starspawn (Abyss:3)
  A frost giant (IceCv)
  3 starcursed masses (Abyss:3)
  Azrael (Orc:2)
  A merfolk javelineer (Abyss:3)
  The ghost of Amnesiac the Slinger, a journeyman HaFi of Okawaru (D:13)
  Josephine (D:10)
  2 vault guards (D:13)
  5 hydras
  A catoblepas (D:13)
  5 centaur warriors
  12 two-headed ogres
  16 dancing weapons
  A satyr (Abyss:3)
  2 ogre magi
  An orc high priest (Orc:2)
  2 tengu warriors (D:15)
  A thrashing horror (Abyss:3)
  6 deep elf knights
  A sixfirhy (D:9)
  7 skeletal warriors
  3 unseen horrors
  4 wizards
  4 deep elf archers
  26 deep elf magi
  4 orc knights
  4 ugly things
  4 manticores
  5 orc sorcerers
  4 cyclopes
  2 guardian serpents (Abyss:3)
  2 gargoyles (D:15)
  An ice statue (IceCv)
  An apocalypse crab (Abyss:3)
  A centaur zombie (D:15)
  2 yaktaurs (D:13)
  An efreet (D:15)
  A komodo dragon (D:15)
  An ancient zyme (Abyss:3)
  2 tengu conjurers
  15 polar bears (IceCv)
  2 hornets
  11 trolls
  3 raiju (Abyss:3)
  6 slime creatures
  7 hippogriffs
  Sigmund (D:6)
  An air elemental (Elf:2)
  2 shadows
  2 water elementals
  5 wraiths
  18 yaks
  19 humans (D:13)
  3 hungry ghosts
  3 basilisks
  4 fire elementals
  2 steam dragons
  A warg (shapeshifter) (D:15)
  A warg (Orc:1)
  3 acid dragons
  6 hell hounds
  2 hornet zombies
  3 ice beasts
  22 orc warriors
  5 sky beasts
  8 ogres
  2 phantoms
  A necrophage (D:12)
  8 wolves (IceCv)
  An eye of draining (D:13)
  4 boggarts (D:15)
  6 centaurs
  3 big kobolds
  A big kobold (shapeshifter) (D:15)
  11 bullfrogs
  An earth elemental (Elf:2)
  A gnoll sergeant (D:8)
  2 wyvern skeletons
  19 killer bees
  4 scorpions
  9 wights (D:11)
  4 howler monkeys
  7 crimson imps
  A quasit (D:8)
  8 jellies
  5 bullfrog zombies
  9 orc priests
  2 bullfrog skeletons
  3 hounds
  11 orc wizards
  Jessica (D:2)
  5 iguanas
  Natasha (thrice) (D:3)
  12 worker ants
  A howler monkey zombie (D:7)
  A howler monkey skeleton (D:7)
  6 gnolls
  9 adders
  6 shadow imps
  6 oozes
  An adder skeleton (D:8)
  5 dart slugs
  A worm (D:2)
  6 leopard geckos
  67 orcs
  A ball python (D:1)
  10 bats
  6 giant cockroaches
  8 goblins
  13 hobgoblins
  11 jackals
  5 quokkas
  4 frilled lizards
  15 kobolds
  A leopard gecko zombie (D:9)
  8 rats
  A starspawn tentacle (Abyss:3)
636 creatures vanquished.

Vanquished Creatures (others)
  A satyr (Abyss:3)
  An unseen horror (D:14)
  A deep elf mage (Elf:1)
  A cyclops (D:14)
  A yaktaur (D:15)
  A boggart (D:15)
  A centaur (D:15)
  A scorpion (D:7)
  2 orc wizards (D:8)
  A lurking horror (Abyss:3)
  4 starspawn tentacles (Abyss:3)
15 creatures vanquished.

Grand Total: 651 creatures vanquished

Notes
Turn   | Place    | Note
-------+----------+-------------------------------------------
     0 | D:1      | Amnesiac the Halfling Fighter began the quest for the Orb.
     0 | D:1      | Reached XP level 1. HP: 15/15 MP: 1/1
    83 | D:1      | Reached XP level 2. HP: 19/20 MP: 2/2
   567 | D:1      | Reached XP level 3. HP: 25/25 MP: 3/3
   878 | D:1      | Reached skill level 1 in Dodging
  1280 | D:2      | Noticed Jessica
  1288 | D:2      | HP: 1/25 [Jessica (2)]
  1289 | D:2      | Killed Jessica
  1289 | D:2      | Reached XP level 4. HP: 1/30 MP: 4/4
  1712 | D:2      | Reached XP level 5. HP: 29/35 MP: 5/5
  2581 | D:3      | Noticed Natasha
  2590 | D:3      | Killed Natasha
  2590 | D:3      | Reached skill level 1 in Slings
  2616 | D:3      | Found a shimmering altar of Xom.
  2617 | D:3      | Found a burning altar of Makhleb.
  2618 | D:3      | Reached XP level 6. HP: 41/42 MP: 6/6
  2678 | D:3      | Reached skill level 2 in Slings
  2942 | D:3      | Noticed Natasha
  2950 | D:3      | Killed Natasha
  2950 | D:3      | Reached skill level 3 in Slings
  2950 | D:3      | Reached skill level 1 in Evocations
  3000 | D:3      | Noticed Natasha
  3012 | D:3      | Killed Natasha
  3283 | D:3      | Found a shimmering altar of Xom.
  3757 | D:3      | Found a burning altar of Makhleb.
  4026 | D:4      | Reached skill level 4 in Slings
  4062 | D:4      | Reached XP level 7. HP: 28/46 MP: 8/8
  4229 | D:4      | Reached skill level 5 in Slings
  4568 | D:5      | Entered Level 5 of the Dungeon
  5025 | D:5      | Reached skill level 6 in Slings
  5323 | D:5      | Found a stormy altar of Qazlal.
  5374 | D:6      | Noticed Sigmund
  5592 | D:5      | Reached skill level 7 in Slings
  5592 | D:5      | Reached XP level 8. HP: 41/52 MP: 7/10
  5598 | D:5      | Gained mutation: [You occasionally shout uncontrollably at your foes.] [mutagenic meat]
  5599 | D:5      | Gained mutation: You have a pair of small horns on your head. [mutagenic meat]
  5601 | D:5      | Gained mutation: You have a pair of horns on your head. [mutagenic meat]
  5719 | D:5      | Reached skill level 8 in Slings
  5843 | D:5      | Gained mutation: Your magical capacity is low. (-10% MP) [mutagenic meat]
  6006 | D:6      | Reached skill level 9 in Slings
  6240 | D:6      | Killed Sigmund
  6240 | D:6      | Reached skill level 10 in Slings
  6622 | D:7      | Found a large runed door.
  6622 | D:7      | Found a large runed door.
  6622 | D:7      | Noticed a cyan ugly thing
  6631 | D:7      | Killed a cyan ugly thing
  6631 | D:7      | Reached skill level 11 in Slings
  6631 | D:7      | Reached skill level 5 in Shields
  6631 | D:7      | Reached XP level 9. HP: 56/56 MP: 10/10
  6700 | D:7      | Found a large runed door.
  6700 | D:7      | Found a large runed door.
  6721 | D:7      | Reached skill level 12 in Slings
  7234 | D:6      | Noticed a troll
  7279 | D:6      | Killed a troll
  7614 | D:7      | Reached skill level 13 in Slings
  8098 | D:7      | Found a staircase to the Ecumenical Temple.
  8105 | Temple   | Entered the Ecumenical Temple
  8139 | Temple   | Became a worshipper of Warmaster Okawaru
  8281 | D:7      | Reached XP level 10. HP: 63/63 MP: 11/11
  8325 | D:7      | Found a radiant altar of Vehumet.
  8425 | D:7      | Got a heavily jewelled robe
  8508 | D:7      | Noticed a green ugly thing
  8533 | D:7      | Killed a green ugly thing
  8533 | D:7      | Reached skill level 14 in Slings
  8546 | D:7      | Got a transparent dagger
  8547 | D:7      | Identified the +6 dagger "Vyurhiw" {flame, rN+ Int+2} (You found it on level 7 of the Dungeon)
  8550 | D:7      | Reached * piety under Okawaru
  8938 | D:8      | Noticed a two-headed ogre
  9288 | D:8      | Found a deep blue altar of Sif Muna.
  9328 | D:8      | Identified the +2 robe of the Okapi {rElec MR+ Str-5 Dex+4} (You found it on level 7 of the Dungeon)
  9927 | D:8      | Lost mutation: Your magical capacity is low. (-10% MP) [potion of mutation]
  9927 | D:8      | Lost mutation: [You occasionally shout uncontrollably at your foes.] [potion of mutation]
  9927 | D:8      | Gained mutation: Your movements are slightly less encumbered by armour. (ER -2) [potion of mutation]
  9927 | D:8      | Lost mutation: You have a pair of horns on your head. [potion of mutation]
  9927 | D:8      | Gained mutation: You are partially covered in thin metallic scales. (AC +2) [potion of mutation]
  9927 | D:8      | Gained mutation: You have large cloven feet. [potion of mutation]
 10261 | D:8      | Reached skill level 5 in Invocations
 10542 | D:7      | Killed a two-headed ogre
 10542 | D:7      | Reached ** piety under Okawaru
 10571 | D:7      | Found a staircase to the Ecumenical Temple.
 10682 | D:9      | Noticed a cyclops
 10982 | D:8      | Killed a cyclops
 11117 | D:9      | Reached XP level 11. HP: 37/67 MP: 9/17
 11120 | D:9      | Reached *** piety under Okawaru
 11345 | D:9      | Found a blossoming altar of Fedhas.
 11508 | D:9      | Reached skill level 1 in Stealth
 11582 | D:9      | Found a runed door.
 11588 | D:9      | Noticed a sixfirhy
 11637 | D:9      | Found a sparkling altar of Nemelex Xobeh.
 11844 | D:10     | Entered Level 10 of the Dungeon
 11854 | D:10     | Noticed Josephine
 11875 | D:9      | Noticed a two-headed ogre
 11876 | D:9      | Reached skill level 5 in Dodging
 12147 | D:9      | Killed a two-headed ogre
 12147 | D:9      | Reached **** piety under Okawaru
 12147 | D:9      | Received a gift from Okawaru
 12147 | D:9      | Reached skill level 5 in Armour
 12537 | D:10     | Killed Josephine
 12537 | D:10     | Received a gift from Okawaru
 12822 | D:10     | Reached skill level 5 in Fighting
 12877 | D:10     | Found a staircase to the Lair.
 12915 | D:10     | Noticed a two-headed ogre
 12944 | D:10     | Killed a two-headed ogre
 12944 | D:10     | Reached ***** piety under Okawaru
 13705 | D:11     | Reached XP level 12. HP: 77/77 MP: 18/18
 13719 | D:11     | Noticed a four-headed hydra
 13741 | D:10     | Killed a four-headed hydra
 13741 | D:10     | Received a gift from Okawaru
 14009 | D:11     | Found a frozen archway.
 14028 | IceCv    | Entered an ice cave
 14165 | IceCv    | Received a gift from Okawaru
 14841 | IceCv    | Noticed a frost giant
 14873 | IceCv    | Killed a frost giant
 14893 | IceCv    | Reached XP level 13. HP: 39/86 MP: 7/19
 15673 | D:11     | Received a gift from Okawaru
 15864 | D:12     | Found Guusm's Antique Armour Shop.
 15869 | D:12     | Bought a glowing hat for 238 gold pieces
 15869 | D:12     | Bought a pair of glowing gloves for 255 gold pieces
 15951 | D:12     | Found a staircase to the Orcish Mines.
 15977 | D:12     | Noticed a six-headed hydra
 16002 | D:12     | Killed a six-headed hydra
 16374 | D:12     | Reached skill level 15 in Slings
 16736 | D:12     | Found Dobuyqoj's Distillery.
 16763 | D:12     | Noticed a six-headed hydra
 16771 | D:12     | Killed a six-headed hydra
 16771 | D:12     | Received a gift from Okawaru
 17856 | D:11     | Reached ****** piety under Okawaru
 17856 | D:11     | Received a gift from Okawaru
 18278 | D:12     | Found Legaqewk's General Store.
 18284 | D:12     | Found Ruffag's Antique Armour Shop.
 18293 | D:12     | Bought a glowing cloak for 165 gold pieces
 18416 | D:13     | Noticed Amnesiac's ghost (journeyman HaFi)
 19125 | D:13     | Found a gate to the Vaults.
 19125 | D:13     | Noticed a vault guard
 19125 | D:13     | Noticed a vault guard
 19140 | D:13     | Reached XP level 14. HP: 73/94 MP: 19/21
 19254 | D:13     | Reached skill level 10 in Armour
 19425 | D:13     | Reached skill level 10 in Dodging
 19425 | D:13     | Reached skill level 10 in Shields
 19495 | D:13     | Killed Amnesiac's ghost
 19592 | D:13     | Gained mutation: You are somewhat resistant to both further mutation and mutation removal. [mutagenic meat]
 20284 | D:14     | Found an ancient bone altar of Kikubaaqudgha.
 20664 | D:14     | Received a gift from Okawaru
 20747 | D:14     | Noticed Rupert
 20822 | D:14     | Killed Rupert
 20822 | D:14     | Received a gift from Okawaru
 20822 | D:14     | Reached skill level 10 in Invocations
 21147 | D:15     | Entered Level 15 of the Dungeon
 21356 | D:15     | Found a flickering gateway to a bazaar.
 21423 | D:15     | Reached XP level 15. HP: 78/102 MP: 19/22
 21448 | D:15     | Noticed a ghost moth
 21448 | D:15     | a queen ant changed into a ghost moth
 21450 | D:15     | a ghost moth changed into a tyrant leech
 21542 | Bazaar   | Entered a bazaar
 21542 | Bazaar   | Found Loewko's Book Shoppe.
 21557 | Bazaar   | Found Tufiar's Armour Shop.
 21565 | Bazaar   | Found Giyfa's Assorted Antiques.
 21600 | Bazaar   | Found Woczithairch's Distillery.
 21634 | Bazaar   | Bought a +1 crystal plate armour for 1479 gold pieces
 21661 | Bazaar   | Bought a potion of heal wounds for 55 gold pieces
 21931 | D:15     | Reached skill level 16 in Slings
 22368 | D:15     | Received a gift from Okawaru
 22595 | D:15     | Found a staircase to the Depths.
 22805 | D:8      | Identified Sif Muna's Reference Book on Earth
 22999 | Orc:1    | Entered Level 1 of the Orcish Mines
 23289 | Orc:1    | Found a roughly hewn altar of Beogh.
 23509 | Orc:2    | Entered Level 2 of the Orcish Mines
 23794 | Orc:1    | Reached skill level 10 in Fighting
 24272 | Orc:2    | Paralysed by an orc sorcerer for 2 turns
 24558 | Orc:2    | Found Leoheazuso's Luxury Loot.
 24573 | Orc:2    | Noticed Azrael
 24603 | Orc:2    | Killed Azrael
 24805 | Orc:2    | Noticed Saint Roka
 24909 | Orc:2    | Killed Saint Roka
 25382 | Orc:2    | Found Muoll's Antique Weapon Shop.
 25383 | Orc:2    | Found a roughly hewn altar of Beogh.
 25487 | Orc:2    | Found a roughly hewn altar of Beogh.
 25532 | Orc:2    | Reached XP level 16. HP: 107/110 MP: 24/24
 25542 | Orc:2    | Found Wuusay's Book Shoppe.
 25557 | Orc:2    | Found Jofeucw's Antique Weapon Shoppe.
 25592 | Orc:2    | Found Melonot's Antique Armour Shoppe.
 25609 | Orc:2    | Found Ickeit's General Store.
 25695 | Orc:2    | Found a staircase to the Elven Halls.
 25838 | Orc:2    | Bought a glowing blowgun for 159 gold pieces
 25890 | Elf:1    | Entered Level 1 of the Elven Halls
 26461 | Elf:1    | Received a gift from Okawaru
 26908 | Elf:1    | Received a gift from Okawaru
 26967 | Elf:1    | Got a thick robe
 27615 | Elf:1    | Identified the cursed +0 robe of the Onion {Int+4} (You found it on level 1 of the Elven Halls)
 27666 | Elf:1    | Received a gift from Okawaru
 28383 | Elf:1    | Received a gift from Okawaru
 29347 | Elf:2    | Found a huge runed gate.
 29347 | Elf:2    | Found a huge runed gate.
 29347 | Elf:2    | Found a huge runed gate.
 29348 | Elf:2    | Found a huge runed gate.
 29349 | Elf:2    | Found a huge runed gate.
 29393 | Elf:2    | Cast into level 3 of the Abyss (bardiche of distortion)
 29393 | Abyss:3  | Found a corrupted altar of Lugonu.
 29428 | Abyss:3  | Noticed a thorn hunter
 29432 | Abyss:3  | Found a corrupted altar of Lugonu.
 29448 | Abyss:3  | Found a corrupted altar of Lugonu.
 29478 | Abyss:3  | Noticed a tentacled starspawn
 29503 | Abyss:3  | Killed a tentacled starspawn
 29540 | Abyss:3  | Noticed a bone dragon
 29540 | Abyss:3  | Reached skill level 17 in Slings
 29540 | Abyss:3  | Reached XP level 17. HP: 65/117 MP: 14/25
 29600 | Abyss:3  | Got an abyssal rune of Zot
 29616 | Abyss:3  | HP: 2/117 [starcursed mass/accursed screaming (7)]
 29618 | Abyss:3  | Killed from afar by a starcursed mass

Vault maps used:
D:1:      dpeg_arrival_morbid_curiosity, minivault_24
D:2:      first_bread, uniq_jessica
D:3:      grunt_temple_overflow_champion_of_chaos, serial_glass,
          glass_columns_a, glass_columns_c, uniq_natasha
D:5:      marbit_many_paths, serial_glass, glass_columns_a, glass_columns_c
D:6:      uniq_sigmund
D:7:      vehumet_crystals, minmay_temple_entry_statues_pillars,
          minmay_hollow_rounded_squares
D:8:      hangedman_little_slice_of_home, led_sif_book
D:9:      cheibrodos_shockbox, basic_altar, fedhas_altar_2
D:10:     minmay_lair_entry_lava, uniq_josephine
D:11:     portal_ice_cave_entry_pillars_2, hangedman_decor_lopped,
          kennysheep_generic_room_2
D:12:     hourglass_vault, orc_0_dummy, serial_shops, nicolae_shop_waterfront,
          shop_fountains, shop, shop_fountains
D:13:     grunt_vaults_entry_tiered
D:14:     basic_altar, serial_corexii_hall, corexii_hall_statues_deadend,
          corexii_hall_statues_x, uniq_rupert
D:15:     hangedman_depths_entry_civil_slaughter, serial_shops, bzr_entry_water
Temple:   dpeg_five_rooms_temple
Orc:1:    basic_altar
Orc:2:    grunt_orc_cross, serial_shops, shop, basic_altar,
          nicolae_alphabet_shops, uniq_azrael
Elf:1:    minmay_elf_arrival_circle
Elf:2:    serial_shops, shop
Abyss:3:  nicolae_abyss_rune_left_handed
Bazaar:   bazaar_kb_twisted_cavern
IceCv:    ice_cave_small_giant

Skill      XL: |  1  2  3  4  5  6  7  8  9 10 11 12 13 14 15 16 |
---------------+-------------------------------------------------+-----
Short Blades   | 3 4 |  4.0
Dodging        | 2 3 6 8 9 11 12 13 | 13.0
Slings         | 1 4 7 11 13 14 15 16 17 | 17.0
Fighting       | 3 5 7 8 9 10 11 | 11.2
Evocations     | 1 3 4 |  4.0
Shields        | 5 6 7 8 9 11 12 13 | 13.0
Invocations    | 8 9 10 11 | 11.3
Armour         | 6 8 9 11 12 13 | 13.0
Stealth        | 3 4 |  4.1

Action                   |  1- 3 |  4- 6 |  7- 9 | 10-12 | 13-15 | 16-18 || total
-------------------------+-------+-------+-------+-------+-------+-------++-------
Melee: Rapier            |    75 |   127 |    70 |    29 |       |       ||   301
       Dagger            |       |   153 |    96 |   863 |  2618 |   642 ||  4372
       Short sword       |       |       |   131 |       |       |       ||   131
       Headbutt          |       |       |    20 |   251 |   836 |   177 ||  1284
       Kick              |       |       |       |   341 |   220 |       ||   561
 Fire: Hunting sling     |       |       |   199 |   128 |   271 |   282 ||   880
       Blowgun           |       |       |       |    51 |     3 |    53 ||   107
Throw: Tomahawk          |       |       |       |       |       |    22 ||    22
Invok: Heroism           |       |       |       |     2 |     4 |     5 ||    11
       Finesse           |       |       |       |     1 |     4 |     5 ||    10
Evoke: Wand              |       |     4 |    10 |     4 |     6 |       ||    24
       Lightning rod     |       |       |     3 |     5 |     7 |       ||    15
  Use: Potion            |     1 |       |     1 |     3 |       |     8 ||    13
       Scroll            |       |       |     4 |    15 |     6 |    11 ||    36
 Stab: Confused          |       |     2 |     1 |       |     1 |       ||     4
       Paralysed         |       |     2 |       |       |       |       ||     2
       Petrified         |       |       |       |       |     7 |       ||     7
  Eat: Chunk             |       |    10 |    25 |    16 |    33 |     5 ||    89
       Fruit             |       |       |       |     5 |       |       ||     5
       Royal jelly       |       |       |       |     2 |     6 |     5 ||    13
Armor: Scale mail        |    31 |    51 |    65 |     6 |       |       ||   153
       Plate armour      |       |       |       |   243 |   439 |       ||   682
       Skin              |       |       |       |    11 |       |       ||    11
       Acid dragon scale |       |       |       |       |     3 |       ||     3
       Crystal plate arm |       |       |       |       |   306 |   362 ||   668
       Robe              |       |       |       |       |     3 |       ||     3
Dodge: Dodged            |    27 |    95 |   218 |   561 |  1224 |   341 ||  2466
Block: Shield            |    35 |    54 |       |   224 |  2103 |   539 ||  2955
       Buckler           |       |    40 |    84 |   204 |       |       ||   328
       Reflection        |       |       |       |       |    48 |    29 ||    77

Table legend:
 A = Spawn XP
 B = Non-spawn XP
 C = Spawn XP percentage of total XP
 D = Spawn monster count
 E = Non-spawn monster count
 F = Spawn count percentage of total count
 G = Total turns spent on level
                    A         B        C        D         E        F      G
               +---------+---------+-------+---------+---------+-------+---------
         Total |     816 |  154452 |   0.5 |       3 |     638 |   0.5 | 29618
               +---------+---------+-------+---------+---------+-------+---------
           D:1 |       0 |      42 |   0.0 |       0 |      23 |   0.0 |  1269
           D:2 |       0 |     143 |   0.0 |       0 |      28 |   0.0 |  1068
           D:3 |       0 |     212 |   0.0 |       0 |      29 |   0.0 |  1477
           D:4 |       0 |     251 |   0.0 |       0 |      13 |   0.0 |   917
           D:5 |       0 |     698 |   0.0 |       0 |      30 |   0.0 |  1401
           D:6 |       0 |    1074 |   0.0 |       0 |      14 |   0.0 |  1023
           D:7 |       0 |    3441 |   0.0 |       0 |      42 |   0.0 |  2227
           D:8 |       0 |    1622 |   0.0 |       0 |      29 |   0.0 |  1771
           D:9 |       0 |    5156 |   0.0 |       0 |      28 |   0.0 |  1458
          D:10 |       0 |    4182 |   0.0 |       0 |      23 |   0.0 |  1435
          D:11 |       0 |    6847 |   0.0 |       0 |      52 |   0.0 |  1698
          D:12 |       0 |    7928 |   0.0 |       0 |      32 |   0.0 |  1897
          D:13 |       0 |   16861 |   0.0 |       0 |      50 |   0.0 |  1600
          D:14 |       0 |   10125 |   0.0 |       0 |      19 |   0.0 |   912
          D:15 |       0 |   19046 |   0.0 |       0 |      51 |   0.0 |  1371
         Orc:1 |       0 |    5420 |   0.0 |       0 |      15 |   0.0 |   885
         Orc:2 |       0 |   16265 |   0.0 |       0 |      57 |   0.0 |  2315
         Elf:1 |       0 |   17045 |   0.0 |       0 |      28 |   0.0 |  2286
         Elf:2 |       0 |   18335 |   0.0 |       0 |      27 |   0.0 |   908
       Abyss:3 |     816 |    9978 |   7.6 |       3 |      12 |  20.0 |   225
         IceCv |       0 |    9781 |   0.0 |       0 |      36 |   0.0 |  1272
               +---------+---------+-------+---------+---------+-------+---------
